 Dungeon Crawl Stone Soup version 0.21.1-1-g345015f (webtiles) character file.

56 narnach the Caller (level 3, 0/24 HPs)
             Began as a Vine Stalker Summoner on June 6, 2018.
             Was an Initiate of Hepliaklqana.
             Succumbed to an adder's poison
             ... on level 3 of the Dungeon.
             The game lasted 00:25:48 (1133 turns).

narnach the Caller (Vine Stalker Summoner)          Turns: 1133, Time: 00:25:49

Health: 0/24       AC: 21    Str: 10    XL:     3   Next: 97%
Magic:  3/8        EV:  2    Int: 16    God:    Hepliaklqana [......]
Gold:   109        SH:  0    Dex: 19    Spells: 4/7 levels left

rFire    . . .     SeeInvis .   k - +0 spear
rCold    . . .     Gourm    .   (no shield)
rNeg     + + +     Faith    +   (armour currently unavailable)
rPois    +         Spirit   +   (helmet currently unavailable)
rElec    .         Reflect  .   (cloak currently unavailable)
rCorr    .         Harm     .   (gloves currently unavailable)
MR       .....     NoTele   +   (boots currently unavailable)
Stlth    +++.......             i - amulet of faith
HPRegen  0.08/turn              (no ring)
MPRegen  0.11/turn              (no ring)

@: agile, lethally poisoned (0 -> -2), tree-form, very slightly contaminated,
invisible
A: reduced essence, magic shield, no potion heal 3, rot immunity
a: Recall Ancestor, Ancestor Identity, Renounce Religion


You were on level 3 of the Dungeon.
You worshipped Hepliaklqana.
Hepliaklqana was noncommittal.
You were not hungry.
You were a tree.
You visited 1 branch of the dungeon, and saw 3 of its levels.

You collected 109 gold pieces.

Inventory:

Hand Weapons
 a - a cursed -3 whip
 k - a +0 spear (weapon)
 m - a +0 falchion
 t - a +0 war axe
Missiles
 l - 106 stones (quivered)
 n - 12 poisoned needles
Armour
 d - a +0 chain mail
 e - a +1 robe (melded)
 r - a +0 chain mail
Jewellery
 i - an amulet of faith (around neck)
Scrolls
 g - a scroll of teleportation
Potions
 o - a potion of lignification
 p - 2 potions of berserk rage
 q - a potion of agility
Books
 b - a book of Callings

   Spells                             Type                      Level
   a - Summon Small Mammal            Summoning                    1
   b - Call Imp                       Summoning                    2
   c - Call Canine Familiar           Summoning                    3
   d - Summon Guardian Golem          Hexes/Summoning              3
   e - Summon Lightning Spire         Summoning/Air                4
   f - Summon Ice Beast               Ice/Summoning                4
Comestibles
 c - 4 rations
 f - 6 chunks of flesh


   Skills:
 * Level 1.2 Fighting
 * Level 1.0 Armour
 * Level 1.6 Dodging
 + Level 2.4 Stealth
 + Level 2.8 Spellcasting
 + Level 4.4 Summonings


You had 4 spell levels left.
You knew the following spells:

 Your Spells              Type           Power        Failure   Level  Hunger
a - Summon Small Mammal   Summ           ###.         3%          1    #......
b - Call Imp              Summ           ###.....     4%          2    ##.....


Dungeon Overview and Level Annotations

Branches:
Dungeon (3/15)

Altars:
Fedhas
Gozag
Hepliaklqana
Wu Jian
Yredelemnul


Innate Abilities, Weirdness & Mutations

((You have extremely sharp teeth.))
When hurt, damage is shared between your health and your magic reserves.
((Your bite disrupts and absorbs the magic of your enemies.))
Potions cannot restore your health.
You are immune to rotting.
Your life essence is reduced to manifest your ancestor. (-10% HP)


Message History

You are agile.
You are lethally poisoned (2 -> -2).
You are a tree.
You are very lightly contaminated with residual magic.
You are invisible.
Your movement speed is average.
Your attack speed is below average.
Your base attributes are Str 10, Int 16, Dex 14.
You are agile.
You are lethally poisoned (3 -> -2).
You are a tree.
You are very lightly contaminated with residual magic.
You are invisible.
Your movement speed is average.
Your attack speed is below average.
Your base attributes are Str 10, Int 16, Dex 14.
* * * LOW HITPOINT WARNING * * *
You feel sick.
* * * LOW HITPOINT WARNING * * *
You feel sick.
You are agile.
You are lethally poisoned (1 -> -2).
You are a tree.
You are very lightly contaminated with residual magic.
You are invisible.
Your movement speed is average.
Your attack speed is below average.
Your base attributes are Str 10, Int 16, Dex 14.
You die...

*,,,,******##.#####.#.##.#.#.....
,,,,,,,,,,,......................
*,,,,******########.#.##.#.......
*,,,,* #.#.#*,######## ,,,,,*
########.#.#*,,,,,,,,.
,,,,,******#......#.#.######**###
,,,,,,,,,,,+.....÷..........,,...
,**********#......#.########***##
,* #...R♣.#.######### ,*
#....r5#.#.......# ,*
#......#.#5......##### ,*
#......#..R..)......). ,*
#......###.......##### **
######## #.......# # #.......# #
#.......# # ######### #


You could see the friendly Thamphthis the ancestor, a friendly crimson imp and a
friendly rat.

Vanquished Creatures
  An adder (D:3)
  2 bats (D:1)
  A jackal (D:2)
  A kobold (D:3)
5 creatures vanquished.

Vanquished Creatures (collateral kills)
  Terence (D:3)
  A howler monkey zombie (D:3)
  An adder (D:2)
  2 worms
  2 bats
  A giant cockroach (D:1)
  7 goblins
  2 hobgoblins
  A jackal (D:2)
  A quokka (D:2)
  A frilled lizard (D:1)
  3 kobolds
  2 rats
25 creatures vanquished.

Vanquished Creatures (others)
  An ancestor (D:3)
1 creature vanquished.

Grand Total: 31 creatures vanquished

Notes
Turn   | Place    | Note
-------+----------+-------------------------------------------
     0 | D:1      | narnach the Vine Stalker Summoner began the quest for the Orb.
     0 | D:1      | Reached XP level 1. HP: 9/9 MP: 4/4
   380 | D:2      | Found a blossoming altar of Fedhas.
   415 | D:2      | Reached XP level 2. HP: 14/14 MP: 0/6
   543 | D:2      | Found a hazy altar of Hepliaklqana.
   579 | D:2      | Found an ornate altar of the Wu Jian Council.
   579 | D:2      | Found a basalt altar of Yredelemnul.
   585 | D:2      | Found an opulent altar of Gozag.
   588 | D:2      | Became a worshipper of Hepliaklqana the Forgotten
   716 | D:2      | Reached skill level 1 in Armour
   850 | D:3      | Learned a level 2 spell: Call Imp
   866 | D:3      | Reached XP level 3. HP: 15/15 MP: 0/7
   908 | D:3      | Reached skill level 1 in Fighting
  1002 | D:3      | Noticed Terence
  1025 | D:3      | Killed Terence
  1129 | D:3      | HP: 1/24 [poisoned by an adder]
  1133 | D:3      | Succumbed to an adder's poison

Skill      XL: |  1  2  3 |
---------------+----------+-----
Armour         | 1 |  1.0
Fighting       | 1 |  1.2
Dodging        | |  1.6
Stealth        | |  2.4
Spellcasting   | |  2.8
Summonings     | |  4.4

Action                   || total
-------------------------++-------
Melee: Club              ||     3
       Bite              ||     3
       War axe           ||     2
       Spear             ||     3
 Cast: Summon Small Mamm ||    60
       Call Imp          ||     7
  Use: Scroll            ||     9
       Potion            ||     3
  Eat: Chunk             ||     2
Armor: Robe              ||     3
Dodge: Dodged            ||    16
